 Dungeon Crawl Stone Soup version 0.21-a0-442-g848f44b (webtiles) character file.

50 slep the Charlatan (level 3, -2/26 HPs)
             Began as a Demonspawn Wanderer on Nov 16, 2017.
             Slain by a worm (10 damage)
             ... on level 2 of the Dungeon.
             The game lasted 00:06:58 (1746 turns).

slep the Charlatan (Demonspawn Wanderer)            Turns: 1746, Time: 00:06:58

Health: -2/26      AC:  6    Str: 13    XL:     3   Next: 55%
Magic:  6/6        EV: 10    Int: 10    God:
Gold:   58         SH:  3    Dex: 15    Spells: 6/6 levels left

rFire    + . .     SeeInvis .   k - -2 hunting sling (curse)
rCold    + . .     Gourm    .   (no shield)
rNeg     . . .     Faith    .   h - +0 ring mail
rPois    .         Spirit   .   (no helmet)
rElec    .         Reflect  +   (no cloak)
rCorr    .         Harm     .   p - +0 pair of gloves
MR       .....                  (no boots)
Stlth    +.........             o - +3 amulet of reflection
HPRegen  0.08/turn              n - ring of protection from cold
MPRegen  0.10/turn              (no ring)

@: no status effects
A: hooves 1, fire resistance 1
a: no special abilities


You were on level 2 of the Dungeon.
You were hungry.

You visited 1 branch of the dungeon, and saw 2 of its levels.

You collected 58 gold pieces.

Inventory:

Hand Weapons
 d - a +0 dagger
 k - a cursed -2 hunting sling (weapon)
Missiles
 l - 28 stones (quivered)
 q - 4 javelins
 t - a throwing net
Armour
 c - a +0 robe
 h - a +0 ring mail (worn)
 p - a +0 pair of gloves (worn)
Jewellery
 n - a ring of protection from cold (left hand)
 o - a +3 amulet of reflection (around neck)
Wands
 b - a wand of random effects (15/48)
Scrolls
 e - 3 scrolls of identify {unknown}
 i - a scroll of enchant weapon {unknown}
 r - a scroll of amnesia {unknown}
Potions
 j - a potion of invisibility {unknown}
 m - a potion of curing {unknown}
Books
 a - a book of Frost

   Spells                             Type                      Level
   a - Freeze                         Ice                          1
   b - Throw Frost                    Conjuration/Ice              2
   c - Ozocubu's Armour               Charms/Ice                   3
   d - Throw Icicle                   Conjuration/Ice              4
   e - Summon Ice Beast               Ice/Summoning                4
Comestibles
 f - a bread ration
 g - 3 fruits
 s - a meat ration
 u - 4 chunks of flesh


   Skills:
 + Level 1.6 Fighting
 + Level 1.4 Slings
 + Level 0.5 Armour
 + Level 0.1 Dodging
 + Level 2.2 Spellcasting
   Level 2.0 Conjurations
   Level 1.0 Charms
   Level 1.1 Necromancy
   Level 1.7 Ice Magic
 + Level 2.3 Evocations


You had 6 spell levels left.
You didn't know any spells.

Dungeon Overview and Level Annotations

Branches:
Dungeon (2/15)

Altars:


Innate Abilities, Weirdness & Mutations

You have large cloven feet.
Your flesh is heat resistant. (rF+)


Message History

You block the worm's attack.
Firing (i - inventory. (,) - cycle):
l - 32 stones (quivered)
Press: ? - help, Shift-Dir - straight line, f/p - worm
Aim: a worm (heavily wounded)
You shoot a stone. The stone barely misses the worm.
The worm bites you but does no damage.
Firing (i - inventory. (,) - cycle):
l - 31 stones (quivered)
Press: ? - help, Shift-Dir - straight line, f/p - worm
Aim: a worm (heavily wounded)
You shoot a stone. The stone barely misses the worm.
Firing (i - inventory. (,) - cycle):
l - 30 stones (quivered)
Press: ? - help, Shift-Dir - straight line, f/p - worm
Aim: a worm (heavily wounded)
You shoot a stone. The stone barely misses the worm.
You block the worm's attack.
Firing (i - inventory. (,) - cycle):
l - 29 stones (quivered)
Press: ? - help, Shift-Dir - straight line, f/p - worm
Aim: a worm (heavily wounded)
You shoot a stone. The stone barely misses the worm.
The worm bites you!
You die...

## #.# #.#
#.# #.#
########.#
##......<.#
##...#####.#
#.....####.#
(.((((w@...#
#.....######
##>.. ....
###


You could see a worm.

Vanquished Creatures
  2 adders (D:2)
  A worm (D:2)
  2 leopard geckos
  6 bats (D:1)
  2 giant cockroaches (D:2)
  2 goblins (D:1)
  3 hobgoblins
  2 jackals (D:1)
  2 frilled lizards (D:2)
  4 rats
26 creatures vanquished.

Notes
Turn   | Place    | Note
-------+----------+-------------------------------------------
     0 | D:1      | slep the Demonspawn Wanderer began the quest for the Orb.
     0 | D:1      | slep set off with: a book of Frost, a wand of random effects (15/48), a +0 robe, a +0 dagger, a bread ration
     0 | D:1      | Reached XP level 1. HP: 13/13 MP: 3/3
   622 | D:1      | Gained mutation: Your flesh is heat resistant. (rF+) [demonic ancestry]
   622 | D:1      | Reached XP level 2. HP: 20/20 MP: 5/5
   797 | D:1      | Reached skill level 1 in Fighting
  1538 | D:2      | Gained mutation: You have large cloven feet. [demonic ancestry]
  1538 | D:2      | Reached XP level 3. HP: 13/26 MP: 6/6
  1630 | D:2      | Reached skill level 1 in Slings
  1746 | D:2      | Slain by a worm

Vault maps used:
D:1:      dpeg_arrival_solitude
D:2:      yredelemnul_altar_generic, lemuel_crystal_altar

Skill      XL: |  1  2  3 |
---------------+----------+-----
Fighting       | 1 |  1.6
Slings         | 1 |  1.4
Armour         | |  0.5
Dodging        | |  0.1
Spellcasting   | |  2.2
Conjurations   | |  2.0
Charms         | |  1.0
Necromancy     | |  1.1
Ice Magic      | |  1.7
Evocations     | |  2.3

Action                   || total
-------------------------++-------
Melee: Dagger            ||    43
       Hunting sling     ||     8
 Fire: Hunting sling     ||   150
  Eat: Chunk             ||     2
Armor: Robe              ||    10
       Ring mail         ||    56
Dodge: Dodged            ||    86
Block: Other             ||    10

Table legend:
 A = Spawn XP
 B = Non-spawn XP
 C = Spawn XP percentage of total XP
 D = Spawn monster count
 E = Non-spawn monster count
 F = Spawn count percentage of total count
 G = Total turns spent on level
                    A         B        C        D         E        F      G
               +---------+---------+-------+---------+---------+-------+---------
         Total |       0 |      72 |   0.0 |       0 |      26 |   0.0 |  1746
               +---------+---------+-------+---------+---------+-------+---------
           D:1 |       0 |      27 |   0.0 |       0 |      16 |   0.0 |  1521
           D:2 |       0 |      45 |   0.0 |       0 |      10 |   0.0 |   225
               +---------+---------+-------+---------+---------+-------+---------
